Map: Disco Bloodbath LE

Players

Namshar - Winner!

  • Race: Zerg Zerg
  • Spawn Location: 3:00

Shrimp

  • Race: Protoss Protoss
  • League: Master
  • Spawn Location: 9:00

Event: NationWars 2019

VOD

Have the link to the VOD?

Description

Time

  • Played on: Oct. 1, 2019, 2:10 p.m.
  • Length: 10:07
Show
View Real Time Build Order
Export as new Build Order

Namshar Zerg - Winner!

Build Orders: Hatch First 

Get SALT Encoding   

  12  0:00  Drone  
  13  0:12  Overlord  
  13  0:16  Drone  
  14  0:30  Drone x2  
  16  0:47  Hatchery  
  15  0:50  Drone  
  15  0:54  Drone  
  17  0:57  Drone  
  18  1:08  Extractor  
  17  1:12  Spawning Pool  
  17  1:16  Drone  
  17  1:19  Drone  
  18  1:29  Drone  
  19  1:45  Drone  
  20  1:58  Hatchery  
  20  1:59  Queen  
  22  2:01  Spine Crawler, Zergling x2  
  22  2:07  Overlord  
  22  2:09  Metabolic Boost  
  23  2:30  Hatchery  
  23  2:36  Queen  
  24  2:41  Drone  
  24  2:42  Drone x2  
  27  2:53  Overlord  
  27  3:13  Drone x5  
  27  3:17  Queen  
  34  3:27  Zergling x2  
  35  3:28  Zergling x2  
  36  3:37  Overlord  
  36  3:41  Drone  
  36  3:42  Queen  
  39  3:49  Zergling x12  
  45  3:56  Spore Crawler  
  45  3:57  Spore Crawler  
  45  3:59  Zergling x4  
  45  4:00  Drone  
  46  4:14  Zergling x10  
  46  4:26  Drone x7  
  53  4:32  Overlord  
  53  4:36  Drone x2  
  54  4:39  Drone x2  
  54  4:44  Overlord  
  56  4:54  Drone x5  
  56  4:56  Extractor  
  56  4:58  Extractor  
  59  5:00  Lair  
  59  5:02  Drone  
  59  5:04  Drone  
  59  5:06  Drone  
  62  5:09  Drone x2  
  62  5:13  Drone x2  
  65  5:14  Drone  
  65  5:15  Drone  
  65  5:18  Drone x2  
  68  5:24  Roach Warren  
  67  5:33  Drone x3  
  70  5:35  Drone  
  70  5:36  Spore Crawler, Overlord x2  
  70  5:43  Overlord x2  
  70  5:44  Drone  
  70  5:47  Overlord  
  71  6:02  Overlord x2  
  71  6:03  Glial Reconstitution  
  71  6:04  Roach x6  
  71  6:08  Roach x2  
  86  6:18  Roach x6  
  98  6:20  Overseer  
  98  6:24  Overlord  
  98  6:25  Roach x2  
  102  6:32  Roach x4  
  110  6:40  Overlord  
  110  6:45  Drone  
  110  6:46  Drone x2, Evolution Chamber  
  110  6:47  Drone x2, Baneling Nest  
  111  6:48  Drone x2  
  111  6:50  Extractor  
  114  6:54  Drone  
  114  6:55  Drone x2  
  114  6:56  Drone  
  114  7:00  Ravager x4  
  114  7:01  Ravager  
  123  7:05  Hatchery  
  123  7:07  Zergling x6  
  124  7:16  Zerg Melee Weapons Level 1  
  124  7:20  Extractor  
  124  7:22  Overlord x2  
  123  7:24  Drone  
  123  7:25  Extractor  
  123  7:27  Drone x2  
  123  7:28  Drone  
  123  7:29  Roach x5  
  136  7:38  Centrifical Hooks  
  136  7:43  Drone x3  
  138  7:45  Drone x2  
  138  7:46  Drone  
  138  7:49  Overlord x2  
  141  7:52  Drone  
  141  7:53  Zergling x8, Infestation Pit  
  141  7:56  Zergling x2  
  141  7:58  Overseer  
  146  8:00  Pneumatized Carapace  
  146  8:07  Queen  
  146  8:09  Queen  
  146  8:11  Overlord x2  
  146  8:12  Overlord x2  
  150  8:15  Zergling x2  
  150  8:16  Zergling x4  
  150  8:18  Zergling x4  
  150  8:19  Zergling x2  
  156  8:20  Zergling x2  
  156  8:27  Baneling  
  156  8:28  Baneling x11  
  156  8:30  Ravager x2  
  158  8:34  Zergling x2  
  158  8:35  Zergling x8  
  158  8:41  Baneling x9  
  163  8:49  Baneling x5  
  163  8:51  Zergling x14, Roach  
  172  9:08  Extractor x2  
  170  9:11  Drone x2  
  170  9:13  Drone  
  170  9:14  Drone x4  
  170  9:15  Drone  
  170  9:16  Spore Crawler  
  177  9:17  Spine Crawler  
  177  9:18  Ravager x4  
  177  9:19  Hatchery  
  179  9:24  Zergling x12, Roach  
  187  9:35  Zergling x14, Roach  
  187  9:41  Zergling x4, Roach  
  187  9:45  Roach  
Show
View Real Time Build Order
Export as new Build Order

Shrimp Protoss 

Build Orders: Oracle Opening, Chargelot Immortal 

Get SALT Encoding   

  12  0:01  Probe  
  13  0:13  Probe  
  14  0:21  Pylon  
  14  0:25  Probe  
  15  0:39  Probe (Chrono Boost), Gateway  
  17  0:50  Probe (Chrono Boost), Assimilator  
  17  0:55  Probe (Chrono Boost)  
  18  1:06  Probe  
  19  1:17  Forge  
  19  1:18  Probe  
  20  1:21  Pylon  
  20  1:23  Pylon  
  20  1:30  Pylon  
  20  1:35  Probe  
  21  1:41  Gateway  
  21  1:50  Photon Cannon  
  21  1:52  Photon Cannon  
  21  1:58  Cybernetics Core  
  21  2:04  Probe  
  21  2:07  Assimilator  
  22  2:16  Probe  
  23  2:32  Nexus  
  23  2:35  Probe  
  24  2:42  Pylon  
  24  2:44  Warp Gate  
  24  2:49  Pylon  
  24  2:54  Probe  
  25  3:03  Stargate  
  25  3:08  Probe  
  26  3:21  Probe  
  26  3:24  Robotics Facility  
  27  3:28  Shield Battery  
  27  3:33  Probe  
  28  3:42  Photon Cannon  
  28  3:46  Oracle (Chrono Boost)  
  28  3:53  Probe  
  28  3:54  Probe  
  33  4:04  Sentry  
  33  4:05  Probe  
  33  4:06  Probe  
  37  4:15  Shield Battery  
  37  4:18  Pylon  
  36  4:24  Void Ray (Chrono Boost)  
  36  4:25  Probe x2  
  42  4:35  Pylon  
  42  4:37  Probe  
  43  4:42  Probe  
  44  4:49  Probe, Twilight Council  
  42  4:56  Robotics Facility  
  42  5:03  Probe  
  42  5:04  Probe  
  42  5:06  Stalker  
  46  5:13  Gateway  
  46  5:16  Probe x2, Gateway  
  48  5:23  Charge (Chrono Boost)  
  48  5:26  Pylon  
  48  5:28  Probe  
  49  5:33  Protoss Ground Weapons Level 1 (Chrono Boost), Probe  
  49  5:35  Assimilator x2  
  50  5:40  Probe  
  51  5:45  Immortal (Chrono Boost)  
  55  5:50  Probe  
  55  5:52  Probe  
  57  6:02  Probe  
  58  6:04  Probe  
  59  6:11  Sentry  
  59  6:16  Pylon  
  61  6:20  Gateway  
  61  6:22  Gateway  
  61  6:24  Gateway  
  61  6:25  Pylon, Probe  
  62  6:33  Warp Prism (Chrono Boost)  
  62  6:34  Probe, Sentry  
  62  6:35  Sentry  
  69  6:40  Probe  
  69  6:46  Probe  
  71  6:51  Zealot  
  71  6:52  Probe  
  74  6:57  Pylon  
  74  6:58  Probe  
  75  7:02  Gateway  
  75  7:05  Pylon  
  75  7:14  Probe, Immortal (Chrono Boost)  
  80  7:17  Nexus  
  80  7:18  Pylon  
  80  7:20  Sentry x3  
  86  7:25  Probe  
  86  7:26  Probe  
  88  7:35  Assimilator  
  88  7:36  Assimilator  
  88  7:39  Photon Cannon  
  88  7:42  Photon Cannon  
  89  7:44  Probe  
  89  7:49  Immortal  
  93  7:54  Templar Archives  
  93  7:57  Probe x2  
  95  8:09  Probe x2  
  95  8:11  Psionic Storm  
  97  8:13  Zealot x2  
  97  8:17  Pylon  
  97  8:19  Pylon  
  101  8:21  Probe  
  102  8:35  Zealot x5  
  112  8:43  Immortal (Chrono Boost)  
  116  8:50  Probe x2  
  118  8:58  Gateway  
  118  8:59  Gateway  
  118  9:01  Gateway  
  118  9:05  High Templar x5  
  128  9:21  Pylon x2  
  128  9:29  Shield Battery  
  128  9:32  Nexus  
  128  9:33  Pylon  
  114  9:43  Zealot  
  114  9:44  Zealot x3  
  114  9:45  Zealot x2  
Tags
 
Add a new tag
Caveats
  • Supply blocks, unpowered buildings, or Contaminate may cause inaccurate times.
  • Supply counts are checked every 10 seconds.